 Dungeon Crawl Stone Soup version 0.30.0 (webtiles) character file.

Game seed: 7841939314044491592

170 workbot the Chopper (level 5, -9/41 HPs)
             Began as a Human Berserker on May 5, 2023.
             Was a Priest of Trog.
             Mangled by an ettin (glowing shapeshifter) (19 damage)
             ... on level 4 of the Dungeon.
             The game lasted 00:08:04 (3466 turns).

workbot the Chopper (Human Berserker)               Turns: 3466, Time: 00:08:05

Health: -9/41      AC: 14    Str: 20    XL:     5   Next: 80%
Magic:  5/5        EV:  6    Int:  7    God:    Trog [***...]
Gold:   178        SH:  0    Dex: 18    Spells: 4/4 levels left

rFire   + . .        a - +1 hand axe (chaos)
rCold   + . .        (no shield)
rNeg    . . .        g - +1 plate armour
rPois   .            b - +2 helmet
rElec   .            e - scarf {rC+ rF+}
rCorr   .            (no gloves)
SInv    .            (no boots)
Will    .....        i - amulet of faith Stlth
                     (no ring)
HPRegen 0.26/turn    o - +6 ring of dexterity
MPRegen 0.09/turn

%: faith
@: no status effects
A: no striking features
a: Renounce Religion, Berserk, Trog's Hand


You were on level 4 of the Dungeon.
You worshipped Trog.
Trog was most pleased with you.
You visited 1 branch of the dungeon, and saw 4 of its levels.

You collected 178 gold pieces.

Inventory:

Hand Weapons
 a - a +1 hand axe of chaos (weapon)
 f - a +4 short sword of venom
Missiles
 d - 4 javelins (quivered)
Armour
 b - a +2 helmet (worn)
 e - a scarf of resistance (worn)
 g - a +1 plate armour (worn)
Jewellery
 i - an amulet of faith (around neck)
 n - an amulet of guardian spirit
 o - a +6 ring of dexterity (right hand)
Scrolls
 j - a scroll of immolation {unknown}
Potions
 c - a potion of curing
 h - a potion of magic
 k - a potion of haste {unknown}
 l - 4 potions of flight


   Skills:
 - Level 3.0 Fighting
 + Level 5.9 Axes
 + Level 0.6 Throwing
 - Level 2.0 Armour
 - Level 2.0 Dodging


You had 4 spell levels left.
You didn't know any spells.
Your spell library contained the following spells:

 Spells                   Type           Power      Damage    Failure   Level
 Sandblast                Erth           0%         2d4       100%        1
 Passwall                 Tmut/Erth      0%         N/A       100%        2
 Stone Arrow              Conj/Erth      0%         3d7       100%        3


Dungeon Overview and Level Annotations

Branches:
Dungeon (4/15)
 Temple: D:4-7

Altars:
Trog


Message History

The orc shouts!
You see here a dart slug corpse.
You hit the orc.
The orc is moderately wounded.
The orc hits you but does no damage.
You hit the orc but do no damage.
The orc is poisoned.
The orc is moderately wounded.
The orc barely misses you.
You closely miss the orc.
The orc is moderately wounded.
The orc hits you with a +0 hand axe.
You hit the orc.
The orc is severely wounded.
The orc hits you but does no damage.
You barely miss the orc.
The orc is severely wounded.
The orc hits you with a +0 hand axe.
You hit the orc. You freeze the orc.
You kill the orc!
Trog accepts your kill.
Things that are here:
a +0 hand axe; a +0 animal skin; an orc corpse
There is a bloodstained altar of Trog here.
You offer a prayer to Trog.
You open the door.
A quokka comes into view.
The quokka bites you but does no damage.
There is an open door here.
You hit the quokka.
The quokka changes into a glowing shapeshifter!
The glowing shapeshifter changes into an ettin!
You hit the ettin. You burn the ettin.
The ettin is lightly wounded.
The ettin hits you. x2
You hit the ettin but do no damage.
The ettin is lightly wounded.
The ettin hits you!!
* * * LOW HITPOINT WARNING * * *
The ettin hits you!!
You die...

### #... .......#..#
..### #>####.#.##...##
....## ##.## #.###.##
#....####...## #(....###
#.#.#.##.....# ###[....#
#............# #...#.#
#.#.#.##.....# #...#.#
##...####...#######...#.#
##.## ##..##..@C##....#
#.# ##†#...##.#..### 8.#
#.....## #..# .. #.)._.##
#..# 8. ##....## #..#
##...## ##.###
##########..^# #...#
#........########.#.#
#######..# ##.##...#


You could see an ettin shaped shifter.

Vanquished Creatures
  Jessica (D:3)
  Robin (D:3)
  4 adders
  An ufetubus (D:4)
  A worm (D:2)
  3 dart slugs
  2 orcs
  4 endoplasms
  A giant cockroach (D:1)
  9 goblins
  14 hobgoblins
  6 jackals
  4 quokkas
  3 ball pythons
  9 bats
  5 frilled lizards
  5 kobolds
  A rat (D:2)
74 creatures vanquished.

Notes
Turn   | Place    | Note
-------+----------+-------------------------------------------
     0 | D:1      | workbot the Human Berserker began the quest for the Orb.
     0 | D:1      | Reached XP level 1. HP: 18/18 MP: 1/1
   281 | D:1      | Reached XP level 2. HP: 23/24 MP: 2/2
   817 | D:2      | Reached skill level 4 in Axes
   817 | D:2      | Reached XP level 3. HP: 29/29 MP: 3/3
  1230 | D:2      | Reached ** piety under Trog
  1445 | D:2      | Reached XP level 4. HP: 32/35 MP: 4/4
  1788 | D:3      | Noticed Robin
  1801 | D:3      | Killed Robin
  1802 | D:3      | Reached skill level 5 in Axes
  1819 | D:3      | Noticed Jessica
  1829 | D:3      | Killed Jessica
  1830 | D:3      | Reached XP level 5. HP: 41/41 MP: 5/5
  3243 | D:4      | Reached *** piety under Trog
  3437 | D:4      | Found a bloodstained altar of Trog.
  3464 | D:4      | a quokka changed into a glowing shapeshifter
  3464 | D:4      | Noticed a glowing shapeshifter (glowing shapeshifter)
  3464 | D:4      | a glowing shapeshifter changed into an ettin
  3464 | D:4      | Noticed an ettin (glowing shapeshifter)
  3466 | D:4      | Mangled by an ettin (glowing shapeshifter)

Illustrated notes

Levels and vault maps discovered:
D:1:      ncdulo_wetmaze, layout_basic
D:2:      layout_loops_ring
D:3:      layout_loops_corners, serial_co_window_serial, co_window_paths_b,
          co_window_paths_a, co_window_paths_b, co_window_corner_a,
          co_window_cross_1, co_window_paths_a, co_window_paths_b,
          co_window_cross_4, co_window_cross_4, co_window_broadway_a,
          co_window_broadway_a, glass_columns_a, glass_columns_b,
          glass_columns_a, glass_columns_b, minivault_11, uniq_jessica,
          uniq_robin
D:4:      layout_loops_ring, trog_butcher_becter,
          gammafunk_temple_overflow_statue, kennysheep_orc_sif_temple

Skill      XL: |  1  2  3  4 |
---------------+-------------+-----
Axes           | 4 5 |  5.9
Fighting       | |  3.0
Throwing       | |  0.6
Armour         | |  2.0
Dodging        | |  2.0

Action                     |  1- 3 |  4- 6 || total
---------------------------+-------+-------++-------
  Melee: Hand axe          |   129 |    88 ||   217
  Throw: Javelin           |     4 |     3 ||     7
 Invoke: Berserk           |       |     1 ||     1
    Use: Scroll            |       |     9 ||     9
         Potion            |       |     2 ||     2
   Stab: Sleeping          |     4 |       ||     4
 Armour: Animal skin       |    21 |       ||    21
         Leather armour    |    13 |     1 ||    14
         Ring mail         |       |     6 ||     6
         Plate armour      |       |    54 ||    54
  Dodge: Dodged            |    85 |    28 ||   113
